 Dungeon Crawl Stone Soup version 0.17.1-1-g73c8601 (webtiles) character file.

142 AAAAA the Slasher (level 5, -1/32 HPs)
             Began as a Tengu Fighter on Dec 20, 2015.
             Slain by Oozefury's ghost (20 damage)
             ... on level 3 of the Dungeon.
             The game lasted 00:02:53 (2125 turns).

AAAAA the Slasher (Tengu Fighter)                   Turns: 2125, Time: 00:02:53

Health: -1/32      AC:  8    Str: 16    XL:     5   Next: 24%
Magic:  6/6        EV:  9    Int:  9    God:
Gold:   119        SH:  0    Dex: 14    Spells: 0 memorised, 4 levels left

rFire  . . .     SeeInvis .     a - +0 long sword
rCold  . . .     Clarity  .     b - +0 scale mail
rNeg   . . .     SustAt   .     (no shield)
rPois  .         Gourm    .     (helmet restricted)
rElec  .         Spirit   .     d - +0 cloak
rCorr  .         Warding  .     (no gloves)
rMut   .         Stasis   .     (boots unavailable)
MR     .....                    (no amulet)
Stlth  ..........               (no ring)
                                (no ring)

@: not resistant to hostile enchantments, extremely unstealthy
A: beak, talons 3, able to fly 1
a: Fly


You were on level 3 of the Dungeon.
You were not hungry.

You visited 1 branch of the dungeon, and saw 3 of its levels.

You collected 119 gold pieces.

Inventory:

Hand Weapons
 a - a +0 long sword (weapon)
Missiles
 r - a throwing net (quivered)
Armour
 b - a +0 scale mail (worn)
 c - a +0 shield
 d - a +0 cloak (worn)
Scrolls
 g - 2 scrolls of teleportation {unknown}
 i - 3 scrolls of identify {unknown}
 k - a scroll of magic mapping {unknown}
 l - 2 scrolls of blinking {unknown}
 n - 3 scrolls of remove curse {unknown}
Potions
 f - a potion of degeneration {unknown}
 j - a potion of flight {unknown}
 m - 3 potions of curing {unknown}
 o - 3 potions of poison {unknown}
 p - a potion of haste {unknown}
 q - a potion of lignification {unknown}
Comestibles
 e - 4 bread rations
 h - a chunk of flesh


   Skills:
 - Level 3.0 Fighting
 + Level 5.8 Long Blades
 - Level 3.2 Armour
 - Level 3.0 Shields


You had 4 spell levels left.
You didn't know any spells.

Dungeon Overview and Level Annotations

Branches:
Dungeon (3/15)

Altars:

Annotations:
D:3 Oozefury's ghost, novice OgHu


Innate Abilities, Weirdness & Mutations

You have a beak for a mouth.
You have claws for feet.
You can fly.


Message History

Oozefury's ghost (novice Ogre Hunter) comes into view.
You hit the jackal.
You kill the jackal!
The jackal bites you but does no damage.
You closely miss the jackal. Your kick misses the jackal.
The jackal bites you but does no damage.
The jackal barely misses you.
You slash the jackal!
You kill the jackal!
You hit Oozefury's ghost. Your peck misses Oozefury's ghost.
Oozefury's ghost is lightly damaged.
Oozefury's ghost hits you!
You hit Oozefury's ghost. Your kick misses Oozefury's ghost.
Oozefury's ghost is lightly damaged.
Oozefury's ghost hits you.
You hit Oozefury's ghost. You peck Oozefury's ghost.
Oozefury's ghost is lightly damaged.
Oozefury's ghost hits you!!
Ouch! That really hurt!
You die...

.[...##....# #.#
.(..)##....# #.#
.....##..).# #.#
.....###.#.####.#
.....#
#.#......##
.....#
#.#.......#
.....#
#.#.#####.###
.....#
#.#........†#
.....#
.....####@#[#
.....# #. #.
#W#.# ####.#
#.#.# #.# #.#.#
... #.#.# ..#.#
#'### ...


You could see Oozefury's ghost.

Vanquished Creatures
  3 gnolls (D:3)
  5 adders
  3 giant geckos
  An orc (D:3)
  2 giant cockroaches (D:1)
  7 goblins
  5 hobgoblins
  11 jackals
  9 bats
  2 giant newts
  7 kobolds
  2 quokkas (D:3)
  8 rats
65 creatures vanquished.

Notes
Turn   | Place    | Note
--------------------------------------------------------------
     0 | D:1      | AAAAA the Tengu Fighter began the quest for the Orb.
     0 | D:1      | Reached XP level 1. HP: 14/14 MP: 2/2
   152 | D:1      | Reached XP level 2. HP: 13/19 MP: 3/3
   751 | D:2      | Reached XP level 3. HP: 18/23 MP: 4/4
   892 | D:2      | Reached skill level 4 in Long Blades
   895 | D:2      | Reached XP level 4. HP: 13/28 MP: 5/5
  1546 | D:3      | Reached skill level 5 in Long Blades
  1819 | D:3      | Gained mutation: You can fly. [Tengu growth]
  1819 | D:3      | Reached XP level 5. HP: 27/32 MP: 6/6
  2119 | D:3      | Noticed Oozefury's ghost (novice OgHu)
  2125 | D:3      | Slain by Oozefury's ghost

Action                   |  1- 3 |  4- 6 || total
-------------------------+-------+-------++-------
Melee: Long sword        |    59 |   105 ||   164
  Use: Potion            |     1 |       ||     1
  Eat: Chunk             |       |     4 ||     4
